 Dungeon Crawl Stone Soup version 0.25.0-17-g773c8c6189 (webtiles) character file.

Game seed: 7936560087431727114

102 MaCx the Digger (level 4, -11/24 HPs)
             Began as a Gargoyle Earth Elementalist on June 30, 2020.
             Killed by divine providence
             ... invoked by an orc priest
              (16 damage)
             ... on level 3 of the Dungeon.
             The game lasted 00:08:18 (2942 turns).

MaCx the Digger (Gargoyle Earth Elementalist)       Turns: 2942, Time: 00:08:19

Health: -11/24     AC:  5    Str: 12    XL:     4   Next: 77%
Magic:  1/8        EV: 12    Int: 16    God:
Gold:   126        SH:  0    Dex: 10    Spells: 3/9 levels left

rFire    . . .     SeeInvis .   n - +0 dagger
rCold    . . .     Gourm    .   (no shield)
rNeg     + . .     Faith    .   c - +0 robe
rPois    ∞         Spirit   .   (no helmet)
rElec    +         Reflect  .   (no cloak)
rCorr    .         Harm     .   (no gloves)
MR       .....                  (no boots)
Stlth    ++........             (no amulet)
HPRegen  0.08/turn              (no ring)
MPRegen  0.11/turn              (no ring)

@: very slightly contaminated
A: negative energy resistance 1, electricity resistance, unbreathing,
petrification resistance, rot immunity, AC +3
a: no special abilities


You were on level 3 of the Dungeon.
You were hungry.

You visited 1 branch of the dungeon, and saw 3 of its levels.

You collected 126 gold pieces.

Inventory:

Hand Weapons
 n - a +0 dagger (weapon)
Missiles
 b - 66 stones (quivered)
 e - 7 boomerangs
 f - 26 sling bullets
Armour
 c - a +0 robe (worn)
Scrolls
 a - 3 scrolls of identify {unknown}
 g - 3 scrolls of teleportation {unknown}
 k - a scroll of amnesia {unknown}
 m - a scroll of remove curse {unknown}
Potions
 h - a potion of stabbing {unknown}
 i - a potion of cancellation {unknown}
 j - 2 potions of heal wounds {unknown}
 l - a potion of curing {unknown}
Comestibles
 d - 5 rations
 o - a chunk of flesh


   Skills:
 - Level 0.2 Fighting
   Level 0.4 Maces & Flails
 - Level 1.5 Dodging
 - Level 2.1 Stealth
 + Level 3.0 Spellcasting
 + Level 1.5 Conjurations
 - Level 0.7 Transmutations
 + Level 5.1 Earth Magic


You had 3 spell levels left.
You knew the following spells:

 Your Spells              Type           Power        Failure   Level  Hunger
a - Sandblast             Erth           ###...       2%          1    #......
b - Stone Arrow           Conj/Erth      ##....       14%         3    ###....
c - Passwall              Tmut/Erth      ##......     9%          2    ##.....

Your spell library contained the following spells:

 Spells                   Type           Power        Failure   Level  Hunger
 Petrify                  Tmut/Erth      ##......     50%         4    #####..
 Lee's Rapid Deconstruct  Erth           ###.......   54%         5    ######.


Dungeon Overview and Level Annotations

Branches:
Dungeon (3/15)

Altars:
Nemelex Xobeh

Annotations:
D:2 exclusion: 2 downstairs


Innate Abilities, Weirdness & Mutations

You are resistant to torment.
Your stone body is resilient. (AC +3)
You are immune to poison.
You resist negative energy. (rN+)
You are resistant to electric shocks. (rElec)
You can survive without breathing.
You are immune to petrification.
You are immune to rotting.


Message History

You don't have enough magic to cast that spell.
The orc priest calls down the wrath of Beogh upon you.
Beogh smites you!
Ouch! That really hurt!
* * * LOW HITPOINT WARNING * * *
You hit the orc priest.
The orc priest is moderately wounded.
The orc priest misses you.
You closely miss the orc priest.
The orc priest is moderately wounded.
The orc priest barely misses you.
You hit the orc priest but do no damage.
The orc priest is moderately wounded.
The orc priest closely misses you.
You hit the orc priest but do no damage.
The orc priest is moderately wounded.
The orc priest invokes the aid of Beogh against you.
Beogh smites you!
Ouch! That really hurt!
You die...

##..o....###..<.......
...
#.........####........
... #...........
......### #..
#.......#..#####......
##......##..# ......
##...#o# #.. ......
#####)## ##### ####.
#).# #.# # #).## ##@##
# #)..# #.o.# .
#....#.###.#.# .
#...#.#..#..#..# .
#...#.##...###... .
#.. #.##...# ...# .
#?.. #.###.## #.## .
#.. #. ### ## # #


You could see an orc priest.

Vanquished Creatures
  An orc wizard (D:3)
  An adder (D:2)
  An ooze (D:2)
  2 worms (D:2)
  A dart slug (D:1)
  A leopard gecko (D:3)
  5 orcs (D:3)
  4 giant cockroaches
  A goblin (D:2)
  7 hobgoblins
  3 kobolds (D:1)
  A quokka (D:3)
  6 bats
  5 frilled lizards
  7 rats
46 creatures vanquished.

Notes
Turn   | Place    | Note
-------+----------+-------------------------------------------
     0 | D:1      | MaCx the Gargoyle Earth Elementalist began the quest for
                  | the Orb.
     0 | D:1      | Reached XP level 1. HP: 10/10 MP: 3/3
   257 | D:1      | Reached skill level 4 in Earth Magic
   509 | D:1      | Reached XP level 2. HP: 11/15 MP: 1/5
  1234 | D:1      | Reached XP level 3. HP: 19/19 MP: 6/6
  1262 | D:1      | Learned a level 3 spell: Stone Arrow
  1667 | D:2      | Found a sparkling altar of Nemelex Xobeh.
  2480 | D:2      | Reached XP level 4. HP: 8/24 MP: 1/8
  2746 | D:3      | Reached skill level 1 in Conjurations
  2751 | D:3      | Reached skill level 5 in Earth Magic
  2933 | D:3      | Learned a level 2 spell: Passwall
  2942 | D:3      | Killed from afar by an orc priest

Illustrated notes

Levels and vault maps discovered:
D:1:      mrwooster_arrival_statue_3, layout_basic
D:2:      layout_loops_ring, nemelex_xobeh_ov_fountains_minmay
D:3:      layout_rooms, first_ration, serial_curves, eino_curves_01,
          eino_curves_03, kennysheep_generic_room_6

Skill      XL: |  1  2  3  4 |
---------------+-------------+-----
Earth Magic    | 4 5 |  5.1
Conjurations   | 1 |  1.5
Spellcasting   | 3 |  3.0
Fighting       | |  0.2
Maces & Flails | |  0.4
Dodging        | |  1.5
Stealth        | |  2.1
Transmutations | |  0.7

Action                   |  1- 3 |  4- 6 || total
-------------------------+-------+-------++-------
Melee: Unarmed           |    10 |       ||    10
       Club              |    48 |       ||    48
       Dagger            |    40 |     9 ||    49
 Cast: Sandblast         |    28 |    10 ||    38
       Passwall          |       |     2 ||     2
 Stab: Sleeping          |     6 |     1 ||     7
  Eat: Chunk             |     5 |     1 ||     6
Armor: Robe              |    49 |     3 ||    52
Dodge: Dodged            |    79 |     6 ||    85
